 Dungeon Crawl Stone Soup version 0.29-a0-1006-g0dd7720b37 (webtiles) character file.

Game seed: 2367743211563556939

14769 drpainis the Severer (level 12, -13/106 (110) HPs)
             Began as a Hill Orc Fighter on Aug 6, 2022.
             Was a Priest of Jiyva.
             Mangled by an ettin
             ... wielding a +0 dire flail
              (16 damage)
             ... on level 1 of the Orcish Mines.
             The game lasted 00:18:05 (11173 turns).

drpainis the Severer (Hill Orc Fighter)            Turns: 11173, Time: 00:18:06

HP:   -13/106 (110) AC: 28    Str: 24    XL:     12   Next: 20%
MP:   12/12         EV:  8    Int:  8    God:    Jiyva [***...]
Gold: 404           SH:  0    Dex: 10    Spells: 11/11 levels left

rFire   . . .      SeeInvis +   o - +0 battleaxe
rCold   . . .      Faith    .   (shield currently unavailable)
rNeg    . . .      Spirit   .   g - +0 plate armour
rPois   .          Reflect  .   J - +0 hat {Stlth+}
rElec   .          Harm     .   u - +1 cloak
rCorr   +          Rampage  .   (no gloves)
Will    +++..                   l - +0 pair of boots
Stlth   ..........              s - amulet of regeneration
HPRegen 2.19/turn               z - +4 ring of protection
MPRegen 0.48/turn               G - ring of see invisible

@: lightly drained
A: iridescent scales 3, strong-willed 3, wild magic 1
a: Renounce Religion, Oozemancy


You were on level 1 of the Orcish Mines.
You worshipped Jiyva.
Jiyva was most pleased with you.
You visited 2 branches of the dungeon, and saw 12 of its levels.

You collected 614 gold pieces.
You spent 210 gold pieces at shops.

Inventory:

Hand Weapons
 a - a +0 war axe
 o - a +0 battleaxe (weapon)
Armour
 b - a +0 scale mail
 c - a +0 buckler
 e - a +0 cloak
 g - a +0 plate armour (worn)
 l - a +0 pair of boots (worn)
 u - a +1 cloak (worn)
 v - +0 steam dragon scales
 J - a +0 hat of stealth (worn)
Magical Staves
 r - a staff of conjuration
Jewellery
 s - an amulet of regeneration (around neck)
 z - a +4 ring of protection (left hand)
 B - an amulet of reflection
 G - a ring of see invisible (right hand)
Wands
 d - a wand of quicksilver (5)
 i - a wand of flame (27)
 k - a wand of iceblast (5)
 A - a wand of digging (6)
Scrolls
 f - 2 scrolls of noise
 h - a scroll of vulnerability {unknown}
 n - 2 scrolls of fog
 q - 2 scrolls of summoning
 t - a scroll of acquirement {unknown}
 w - 3 scrolls of teleportation
 x - a scroll of amnesia {unknown}
 y - a scroll of silence {unknown}
 C - a scroll of immolation {unknown}
Potions
 j - a potion of ambrosia {unknown}
 m - 2 potions of brilliance
 p - 2 potions of heal wounds {unknown}
 D - a potion of magic {unknown}
 E - a potion of curing
 H - a potion of cancellation {unknown}
 I - a potion of invisibility {unknown}
 K - a potion of lignification {unknown}


   Skills:
 + Level 11.2 Fighting
 + Level 17.9 Axes
 + Level 10.7 Armour
 + Level 3.0 Dodging
 + Level 1.4 Stealth
 + Level 3.7 Shields


You had 11 spell levels left.
You didn't know any spells.
Your spell library contained the following spells:

 Spells                   Type           Power      Damage    Failure   Level
 Beastly Appendage        Tmut           0%         N/A       99%         1
 Wereblood                Tmut           0%         N/A       100%        2
 Gell's Gravitas          Tloc           0%         N/A       100%        3
 Spider Form              Tmut/Pois      0%         N/A       100%        3
 Teleport Other           Tloc           0%         N/A       100%        3
 Dispersal                Tloc           0%         N/A       100%        6


Dungeon Overview and Level Annotations

Branches:
Dungeon (11/15)            Temple (0/1) D:5            Lair (0/5) D:11
    Orc (1/2) D:11

Altars:
Ashenzari
Dithmenos
Elyvilon
Fedhas
Gozag
Hepliaklqana
Kikubaaqudgha
Nemelex Xobeh
Okawaru
Qazlal
Ru
Trog
Vehumet
Wu Jian
Jiyva

Shops:
D:10 =


Innate Abilities, Weirdness & Mutations

You are completely covered in iridescent scales. (AC +6)
You are extremely strong-willed. (Will+++)
Your spells are a little harder to cast, but a little more powerful.


Message History

There is a staircase back to the Dungeon here.
Found 5 gold pieces.
Found a stone staircase leading down.
Found a stone staircase leading down.
You now have 404 gold pieces (gained 5).
An orc comes into view. It is wielding a +0 dagger.
The orc shouts!
You hear a shout!
You hear two shouts!
An orc wizard comes into view. It is wielding a +0 dagger.
The orc moves out of view.
An orc warrior comes into view. It is wielding a +0 mace.
There are monsters nearby!
An ettin comes into view. It is wielding two +0 dire flails.
The ettin shouts in stereo!
The orc wizard casts a spell at you.
The magic dart hits you but does no damage.
The orc wizard casts a spell at you.
The magic dart hits you but does no damage.
There is an escape hatch in the floor here.
You hit the ettin.
The ettin is lightly wounded.
You slice the ettin!!
The ettin is moderately wounded.
The ettin hits you with a +0 dire flail!! x2
You slice the ettin!!
The ettin is severely wounded.
The ettin hits you with a +0 dire flail!!
The ettin hits you but does no damage.
You hit the ettin but do no damage.
The ettin is severely wounded.
You barely miss the orc warrior.
The orc warrior hits you but does no damage.
The ettin hits you but does no damage.
The ettin hits you with a +0 dire flail!!
* * * LOW HITPOINT WARNING * * *
Okay, then.
Okay, then.
The orc warrior attacks as you move away!
The orc warrior barely misses you. The ettin attacks as you move away!
The ettin hits you with a +0 dire flail!
You die...

## ##.### ### #....## #.##
#....###...# ## ####..#...#.##
## ##.# ##.##...o.....##.##
#... #..>...oC@<.......## #...
##.....#o..........# ....
###.....##..........#
#.#.##.......#...#....#.###
.#......o.......#.........###
.o........#.................#
...........###................
..........##................#.
#.........................###


You could see an ettin, an orc warrior, an orc wizard and an orc.

Vanquished Creatures
  Gastronok (D:11)
  Erica (D:11)
  A two-headed ogre (D:11)
  Nergalle (D:11)
  Lodul (D:11)
  Pikel (D:7)
  2 ugly things (D:11)
  A manticore (D:7)
  Maggie (D:6)
  2 kobold demonologists (D:11)
  An unseen horror (D:11)
  4 trolls
  Prince Ribbit (D:6)
  2 shadows (D:11)
  3 wraiths
  15 yaks
  Eustachio (D:6)
  A vampire (D:9)
  3 wyverns
  A steam dragon (D:7)
  2 vampire mosquitoes (D:11)
  An acid dragon (D:9)
  2 water moccasins
  An orc warrior (D:7)
  3 black bears
  An ice beast (D:6)
  7 ogres (D:11)
  4 lemures (D:7)
  2 centaurs
  2 phantoms
  2 kobold brigands (D:11)
  4 gnoll sergeants
  9 bullfrogs
  9 wights
  4 killer bees
  A troll zombie (D:11)
  5 howler monkeys
  2 hounds
  3 orc priests
  Crazy Yiuf (D:6)
  3 iguanas
  6 orc wizards
  7 ogre zombies (D:11)
  13 gnolls
  4 adders
  2 shadow imps
  3 ufetubi
  3 worms
  3 dart slugs
  30 orcs
  9 ball pythons
  A giant cockroach (D:2)
  3 goblins
  11 hobgoblins
  2 jackals (D:3)
  2 quokkas (D:1)
  3 bats
  3 frilled lizards
  A goblin skeleton (D:11)
  A goblin zombie (D:11)
  A hobgoblin zombie (D:11)
  11 kobolds
  4 orc skeletons (D:11)
  8 orc zombies (D:11)
  5 rats
248 creatures vanquished.

Vanquished Creatures (others)
  A shadow (D:11)
  A kobold brigand (D:6)
  2 bullfrogs (D:11)
  A scorpion (D:11)
  A wight (D:9)
  15 jellies
  An orc priest (D:4)
  2 hounds
  An orc wizard (D:3)
  2 adders (D:4)
  An ufetubus (D:4)
  9 orcs
  A bat (D:2)
  2 endoplasms
  2 goblins (D:5)
  2 hobgoblins (D:2)
  A goblin zombie (D:11)
  A hobgoblin zombie (D:11)
  4 kobolds (D:6)
  3 orc skeletons (D:11)
  5 orc zombies (D:11)
  6 rats
  53 fungi (D:11)
  59 plants
176 creatures vanquished.

Grand Total: 424 creatures vanquished

Notes
Turn   | Place    | Note
-------+----------+-------------------------------------------
     0 | D:1      | drpainis the Hill Orc Fighter began the quest for the Orb.
     0 | D:1      | Reached XP level 1. HP: 19/19 MP: 1/1
   242 | D:1      | Reached skill level 3 in Axes
   242 | D:1      | Reached XP level 2. HP: 27/27 MP: 2/2
   881 | D:1      | Found a faded altar of an unknown god.
   894 | D:1      | Prayed at the altar of an unknown god.
   894 | D:1      | Became a worshipper of Jiyva Joxzayv the Shapeless
   894 | D:1      | Reached * piety under Jiyva
   950 | D:2      | Reached XP level 3. HP: 33/33 MP: 3/3
  1405 | D:2      | Reached skill level 4 in Axes
  1420 | D:2      | Reached XP level 4. HP: 40/40 MP: 4/4
  1481 | D:2      | Reached ** piety under Jiyva
  1640 | D:3      | Found a sacrificial altar of Ru.
  1827 | D:3      | Found a broken altar of Ashenzari.
  2128 | D:3      | Reached *** piety under Jiyva
  3046 | D:4      | Reached skill level 5 in Axes
  3050 | D:4      | Reached XP level 5. HP: 11/46 MP: 5/5
  3603 | D:5      | Entered Level 5 of the Dungeon
  3603 | D:5      | Noticed a phantom
  3603 | D:5      | Found an iron altar of Okawaru.
  3623 | D:5      | Killed a phantom
  3624 | D:5      | Reached skill level 6 in Axes
  3624 | D:5      | Reached XP level 6. HP: 49/53 MP: 6/6
  3791 | D:5      | Reached **** piety under Jiyva
  3791 | D:5      | Gained mutation: You have hidden genetic potential.
                  | [Jiyva's grace]
  3791 | D:5      | Gained mutation: You have great hidden genetic potential.
                  | [Jiyva's grace]
  3791 | D:5      | Gained mutation: Your muscles are strong. (Str +4, Int/Dex
                  | -1) [Jiyva's grace]
  3791 | D:5      | Gained mutation: Your muscles are very strong. (Str +8,
                  | Int/Dex -2) [Jiyva's grace]
  3804 | D:5      | Found an ancient bone altar of Kikubaaqudgha.
  3804 | D:5      | Found a blossoming altar of Fedhas.
  3900 | D:5      | Found a staircase to the Ecumenical Temple.
  3930 | D:5      | Found an ornate altar of the Wu Jian Council.
  3931 | D:5      | Found a radiant altar of Vehumet.
  4011 | D:5      | Reached skill level 1 in Dodging
  4085 | D:6      | Noticed a black bear
  4091 | D:6      | Killed a black bear
  4092 | D:6      | Reached skill level 7 in Axes
  4092 | D:6      | Reached skill level 5 in Armour
  4092 | D:6      | Reached XP level 7. HP: 60/60 MP: 7/7
  4110 | D:6      | Reached skill level 5 in Fighting
  4133 | D:6      | Gained mutation: You possess an exceptional clarity of
                  | mind. [hidden potential]
  4278 | D:6      | Found an opulent altar of Gozag.
  4279 | D:6      | Found a sparkling altar of Nemelex Xobeh.
  4328 | D:6      | Identified the +0 robe of Bequeathed Beauty {rF+ rN+ Int-4}
  4336 | D:6      | Noticed a yak
  4336 | D:6      | Noticed a yak
  4336 | D:6      | Noticed a yak
  4336 | D:6      | Noticed a yak
  4337 | D:6      | Noticed a yak
  4344 | D:6      | Reached skill level 8 in Axes
  4344 | D:6      | Killed a yak
  4345 | D:6      | Reached XP level 8. HP: 62/69 MP: 8/8
  4347 | D:6      | Killed a yak
  4347 | D:6      | Killed a yak
  4348 | D:6      | Reached skill level 9 in Axes
  4349 | D:6      | Killed a yak
  4356 | D:6      | Killed a yak
  4357 | D:6      | Reached skill level 10 in Axes
  4362 | D:6      | Gained mutation: Your flesh is cold resistant. (rC+)
                  | [hidden potential]
  4362 | D:6      | Lost mutation: You have great hidden genetic potential.
                  | [hidden potential expressed]
  4427 | D:6      | Noticed Eustachio
  4435 | D:6      | Killed Eustachio
  4456 | D:6      | Noticed Prince Ribbit
  4508 | D:6      | Killed Prince Ribbit
  4509 | D:6      | Reached XP level 9. HP: 44/78 MP: 6/9
  4858 | D:6      | Noticed Maggie
  4874 | D:6      | Killed Maggie
  4875 | D:6      | Reached skill level 11 in Axes
  5048 | D:6      | Found a runed translucent door.
  5049 | D:6      | Noticed Crazy Yiuf
  5219 | D:6      | Killed Crazy Yiuf
  5261 | D:6      | Lost mutation: You have hidden genetic potential. [potion
                  | of mutation]
  5261 | D:6      | Lost mutation: You possess an exceptional clarity of mind.
                  | [potion of mutation]
  5261 | D:6      | Lost mutation: Your flesh is cold resistant. (rC+) [potion
                  | of mutation]
  5261 | D:6      | Gained mutation: You are resistant to electric shocks.
                  | (rElec) [potion of mutation]
  5261 | D:6      | Gained mutation: You are strong-willed. (Will+) [potion of
                  | mutation]
  5264 | D:6      | Lost mutation: You are strong-willed. (Will+) [potion of
                  | mutation]
  5264 | D:6      | Lost mutation: You are resistant to electric shocks.
                  | (rElec) [potion of mutation]
  5264 | D:6      | Gained mutation: You have a somewhat thin skeletal
                  | structure. (Dex +2, Stealth+) [potion of mutation]
  6421 | D:7      | Noticed Pikel
  6452 | D:7      | Killed Pikel
  6453 | D:7      | Reached skill level 12 in Axes
  6501 | D:7      | Noticed a troll
  6513 | D:7      | Killed a troll
  6514 | D:7      | Reached XP level 10. HP: 68/88 MP: 8/10
  6802 | D:7      | Noticed a manticore
  6815 | D:7      | Killed a manticore
  6816 | D:7      | Reached skill level 13 in Axes
  6887 | D:7      | Noticed a moth of wrath
  7008 | D:7      | Found a bloodstained altar of Trog.
  7097 | D:8      | Found a white marble altar of Elyvilon.
  7279 | D:8      | Lost mutation: Your muscles are very strong. (Str +8,
                  | Int/Dex -2) [Jiyva's grace]
  7279 | D:8      | Gained mutation: You are partially covered in iridescent
                  | scales. (AC +2) [Jiyva's grace]
  7279 | D:8      | Gained mutation: You are mostly covered in iridescent
                  | scales. (AC +4) [Jiyva's grace]
  7279 | D:8      | Gained mutation: You are completely covered in iridescent
                  | scales. (AC +6) [Jiyva's grace]
  7279 | D:8      | Gained mutation: Your spells are a little harder to cast,
                  | but a little more powerful. [Jiyva's grace]
  7316 | D:8      | Found a stormy altar of Qazlal.
  8009 | D:9      | Found a shadowy altar of Dithmenos.
  8124 | D:9      | Reached skill level 1 in Stealth
  8196 | D:9      | Reached skill level 14 in Axes
  8234 | D:9      | Lost mutation: You have a somewhat thin skeletal structure.
                  | (Dex +2, Stealth+) [potion of mutation]
  8234 | D:9      | Lost mutation: Your muscles are strong. (Str +4, Int/Dex
                  | -1) [potion of mutation]
  8234 | D:9      | Gained mutation: You have hidden genetic defects. [potion
                  | of mutation]
  8234 | D:9      | Gained mutation: You are agile. (Dex +4, Str/Int -1)
                  | [potion of mutation]
  8234 | D:9      | Lost mutation: You are agile. (Dex +4, Str/Int -1) [potion
                  | of mutation]
  8234 | D:9      | Lost mutation: You have hidden genetic defects. [potion of
                  | mutation]
  8390 | D:9      | Reached skill level 15 in Axes
  8390 | D:9      | Reached XP level 11. HP: 89/99 MP: 11/11
  8766 | D:9      | Reached ***** piety under Jiyva
  8794 | D:10     | Entered Level 10 of the Dungeon
  8962 | D:10     | Found Dody Faul's Jewellery Emporium.
  9001 | D:10     | Lost mutation: You are completely covered in iridescent
                  | scales. (AC +6) [Jiyva's grace]
  9001 | D:10     | Gained mutation: You are completely covered in iridescent
                  | scales. (AC +6) [Jiyva's grace]
  9001 | D:10     | Gained mutation: You are strong-willed. (Will+) [Jiyva's
                  | grace]
  9001 | D:10     | Gained mutation: You are highly strong-willed. (Will++)
                  | [Jiyva's grace]
  9001 | D:10     | Gained mutation: You are extremely strong-willed. (Will+++)
                  | [Jiyva's grace]
  9181 | D:10     | Found a hazy altar of Hepliaklqana.
  9374 | D:10     | Noticed a two-headed ogre
  9380 | D:10     | Slimified a two-headed ogre
  9380 | D:10     | a two-headed ogre changed into a slime creature
  9756 | D:10     | Bought a ring of see invisible for 210 gold pieces
  9805 | D:11     | Reached skill level 10 in Fighting
  9816 | D:11     | Reached skill level 10 in Armour
  9987 | D:11     | Noticed a two-headed ogre
  9997 | D:11     | Killed a two-headed ogre
 10006 | D:11     | Noticed Gastronok
 10017 | D:11     | Killed Gastronok
 10018 | D:11     | Reached skill level 16 in Axes
 10057 | D:11     | Found a staircase to the Orcish Mines.
 10195 | D:11     | Noticed Erica
 10226 | D:11     | Killed Erica
 10227 | D:11     | Reached skill level 17 in Axes
 10237 | D:11     | Found a staircase to the Lair.
 10255 | D:11     | Noticed Lodul
 10276 | D:11     | Killed Lodul
 10277 | D:11     | Reached XP level 12. HP: 67/108 MP: 10/12
 10893 | D:11     | Noticed Nergalle
 10914 | D:11     | Killed Nergalle
 11128 | Orc:1    | Entered Level 1 of the Orcish Mines
 11153 | Orc:1    | Noticed an ettin
 11172 | Orc:1    | HP: 3/106 [ettin/+0 dire flail (31)]
 11173 | Orc:1    | Mangled by an ettin

Illustrated notes

Levels and vault maps discovered:
D:1:      saegor_arrival_under_anarchy, layout_loops_ring,
          hellmonk_ecumenical_altar_inner_sanctum, serial_park_tiny_2,
          kennysheep_small_spiral
D:2:      layout_basic
D:3:      layout_basic, mainiacjoe_overflow_concentric_impassable,
          amcnicky_altar_gilded
D:4:      layout_loops_ring, kennysheep_generic_room_9
D:5:      layout_rooms, grunt_temple_overflow_growth_and_decay,
          kennysheep_okawaru_gauntlet, jmf_multi_god_temple,
          minmay_temple_entry_glassed_door
D:6:      layout_loops_corners, grunt_temple_overflow_opulence,
          uniq_crazy_yiuf_cottage, uniq_eustachio, uniq_maggie,
          uniq_prince_ribbit1
D:7:      layout_basic, tgw_trog, minmay_manual_monolith, uniq_pikel
D:8:      layout_basic, general_overflow_altar, elyvilon_altar_5
D:9:      layout_long_grid, nicolae_dithmenos_through_a_glass_darkly,
          minmay_starry_boxes
D:10:     layout_gridville, mainiacjoe_overflow_boulevard, serial_shops, shop
D:11:     layout_basic, due_lair_maze_entry_diamond, zombieorc2_lemuel,
          kennysheep_generic_room_10, uniq_nergalle, uniq_gastronok, uniq_lodul,
          uniq_erica
Orc:1:    nicolae_orc_accident_1, layout_caves, portal_ice_cave_rime

Skill      XL: |  1  2  3  4  5  6  7  8  9 10 11 12 |
---------------+-------------------------------------+-----
Axes           | 3 4 5 6 7 8 10 12 15 17 | 17.9
Fighting       | 4 5 6 7 9 10 11 | 11.2
Armour         | 4 5 6 8 9 10 | 10.7
Dodging        | 1 2 3 |  3.0
Stealth        | 1 |  1.4
Shields        | |  3.7

Action                   |  1- 3 |  4- 6 |  7- 9 | 10-12 || total
-------------------------+-------+-------+-------+-------++-------
Melee: War axe           |    69 |       |       |       ||    69
       Battleaxe         |    19 |   143 |   127 |   448 ||   737
Invok: Oozemancy         |       |       |     5 |     7 ||    12
       Slimify           |       |       |       |     1 ||     1
  Use: Potion            |       |     1 |     5 |     3 ||     9
       Scroll            |       |     1 |     2 |     4 ||     7
Armor: Scale mail        |    54 |    85 |    31 |       ||   170
       Plate armour      |       |       |    17 |   385 ||   402
Dodge: Dodged            |    46 |   103 |    69 |   233 ||   451
Block: Buckler           |    17 |       |       |       ||    17

Table legend: (Time is in decaauts)
 A = Elapsed time spent in this place.
 B = Non-inter-level travel time spent in this place.
 C = Inter-level travel time spent in this place.
 D = Time resting spent in this place.
 E = Time spent auto-exploring this place.
 F = Levels seen in this place.
 G = Mean time per level.
                   A        B        C        D        E       F      G
               +--------+--------+--------+--------+--------+-----+--------+
         Total |  11279 |  10995 |    284 |   2483 |   5858 |  12 |  939.9 |
       Dungeon |  11235 |  10951 |    284 |   2483 |   5843 |  11 | 1021.4 |
  Orcish Mines |     43 |     43 |      0 |      0 |     15 |   1 |   43.0 |
               +--------+--------+--------+--------+--------+-----+--------+

Top non-repeatable levels by time:
     D:6: 2363 daAuts
    D:11: 1340 daAuts
     D:3: 1106 daAuts
    D:10: 968 daAuts
     D:1: 939 daAuts
     D:4: 931 daAuts
     D:8: 851 daAuts
     D:9: 824 daAuts
     D:2: 709 daAuts
     D:7: 705 daAuts
     D:5: 494 daAuts
   Orc:1: 43 daAuts
